 Dungeon Crawl Stone Soup version 0.21-a0-584-g185da8e (console) character file.

28 nht the Ruffian (level 2, -7/23 HPs)
             Began as a Centaur Fighter on Dec 21, 2017.
             Mangled by Sigmund
             ... wielding a +0 scythe
              (12 damage)
             ... on level 2 of the Dungeon.
             The game lasted 00:01:15 (586 turns).

nht the Ruffian (Centaur Fighter)                    Turns: 586, Time: 00:01:16

Health: -7/23      AC:  7    Str: 23    XL:     2   Next: 96%
Magic:  2/2        EV:  5    Int:  9    God:
Gold:   17         SH:  8    Dex:  8    Spells: 1/1 levels left

rFire    . . .     SeeInvis .   f - +1 short sword (speed)
rCold    . . .     Gourm    .   b - +0 shield
rNeg     . . .     Faith    .   a - +0 scale mail
rPois    .         Spirit   .   l - +0 helmet
rElec    .         Reflect  .   (no cloak)
rCorr    .         Harm     .   (no gloves)
MR       .....                  (no barding)
Stlth    ..........             (no amulet)
HPRegen  0.07/turn              (no ring)
MPRegen  0.08/turn              (no ring)

@: mighty, very quick
A: large, claws 1, hooves 3, clever 1, deformed body, speed 2, frail 1, tough
skin 3, no potion heal 1
a: no special abilities


You were on level 2 of the Dungeon.
You were not hungry.

You visited 1 branch of the dungeon, and saw 2 of its levels.

You collected 17 gold pieces.

Inventory:

Hand Weapons
 f - a +1 short sword of speed (weapon)
Missiles
 m - 25 arrows
Armour
 a - a +0 scale mail (worn)
 b - a +0 shield (worn)
 l - a +0 helmet (worn)
Scrolls
 e - 2 scrolls of identify {unknown}
 g - 2 scrolls of remove curse {unknown}
 i - 2 scrolls of teleportation {unknown}
 j - a scroll of fog {unknown}
Potions
 k - a potion of mutation
Comestibles
 d - 4 rations
 h - 11 chunks of flesh


   Skills:
 - Level 3.0 Fighting
 - Level 2.1 Armour
 - Level 2.1 Shields
 + Level 3.5 Unarmed Combat


You had one spell level left.
You didn't know any spells.

Dungeon Overview and Level Annotations

Branches:
Dungeon (2/15)

Altars:

Annotations:
D:2 Sigmund


Innate Abilities, Weirdness & Mutations

You have hooves in place of feet.
Armour fits poorly on your strangely shaped body.
You cover ground very quickly.
You have extremely tough skin. (AC +3)
You have sharp fingernails.
Your mind is acute. (Int +2)
You are frail. (-10% HP)
Potions are less effective at restoring your health.


Message History

Sigmund the Dreaded comes into view.
He is wielding a scythe.
Sigmund shouts!
Sigmund says, "You will soon forget everything."
Sigmund is nearby!
Sigmund is nearby!
You block Sigmund's attack.
You feel very mighty all of a sudden.
Sigmund hits you from afar with a scythe!
Your shield and scale mail prevent you from hitting Sigmund.
Sigmund hits you with a scythe!
* * * LOW HITPOINT WARNING * * *
You puncture Sigmund!
Sigmund is moderately wounded.
It was a potion of mutation.
You feel extremely strange.
You feel frail.
Your fingernails lengthen.
Your system partially rejects the healing effects of potions.
You feel clever. Sigmund hits you with a scythe!
Ouch! That really hurt!
You die...

....█..██.......█
█...██.██...)...█
+...██.██.......█
█...██..█.......█
█...███.█.......█
█....
█...÷.....███████
█..█(███..............
█....█████.....█
█....█ ..... █....█
██.@█ █....█ ██.@█
████.█ ██..██ .
█>███..██
....██.█...██
...........██
████.█████.█ █ █.█ █..
██.. ███


You could see Sigmund.

Vanquished Creatures
  2 dart slugs (D:1)
  A leopard gecko (D:2)
  2 giant cockroaches (D:1)
  2 goblins (D:1)
  5 hobgoblins (D:1)
  A bat (D:1)
  A frilled lizard (D:1)
  3 kobolds (D:1)
  5 rats (D:1)
22 creatures vanquished.

Notes
Turn   | Place    | Note
-------+----------+-------------------------------------------
     0 | D:1      | nht the Centaur Fighter began the quest for the Orb.
     0 | D:1      | Reached XP level 1. HP: 19/19 MP: 1/1
   132 | D:1      | Reached XP level 2. HP: 18/26 MP: 2/2
   578 | D:2      | Noticed Sigmund
   586 | D:2      | Gained mutation: You are frail. (-10% HP) [potion of mutation]
   586 | D:2      | Gained mutation: You have sharp fingernails. [potion of mutation]
   586 | D:2      | Gained mutation: Potions are less effective at restoring your health. [potion of mutation]
   586 | D:2      | Gained mutation: Your mind is acute. (Int +2) [potion of mutation]
   586 | D:2      | Mangled by Sigmund

Vault maps used:
D:1:      doesnt_arrival_eight_statues
D:2:      grunt_temple_overflow_open, nemelex_spade_bored_becter, uniq_sigmund,
          uniq_natasha, uniq_jessica, uniq_robin

Skill      XL: |  1  2 |
---------------+-------+-----
Unarmed Combat | 3 |  3.5
Fighting       | |  3.0
Armour         | |  2.1
Shields        | |  2.1

Action                   || total
-------------------------++-------
Melee: Unarmed           ||    11
       Short sword       ||    61
       Kick              ||    14
  Use: Potion            ||     2
Armor: Scale mail        ||    30
Dodge: Dodged            ||    12
Block: Shield            ||    21

Table legend:
 A = Spawn XP
 B = Non-spawn XP
 C = Spawn XP percentage of total XP
 D = Spawn monster count
 E = Non-spawn monster count
 F = Spawn count percentage of total count
 G = Total turns spent on level
                    A         B        C        D         E        F      G
               +---------+---------+-------+---------+---------+-------+---------
         Total |       0 |      40 |   0.0 |       0 |      22 |   0.0 |   586
               +---------+---------+-------+---------+---------+-------+---------
           D:1 |       0 |      37 |   0.0 |       0 |      21 |   0.0 |   543
           D:2 |       0 |       3 |   0.0 |       0 |       1 |   0.0 |    43
               +---------+---------+-------+---------+---------+-------+---------
